 Dungeon Crawl Stone Soup version 0.28.0-53-g5a82cb258f (webtiles) character file.

Game seed: 9873370921907080143

97 Peloso the Covered (level 4, -5/41 HPs)
             Began as a Minotaur Fighter on June 24, 2022.
             Killed by nerve-wracking pain
             ... invoked by Grinder
              (11 damage)
             ... on level 3 of the Dungeon.
             The game lasted 00:03:37 (1845 turns).

Peloso the Covered (Minotaur Fighter)               Turns: 1845, Time: 00:03:37

Health: -5/41      AC: 10    Str: 21    XL:     4   Next: 42%
Magic:  3/3        EV:  7    Int:  5    God:
Gold:   82         SH:  4    Dex: 11    Spells: 3/3 levels left

rFire   . . .      SeeInvis .   a - +0 long sword
rCold   + . .      Faith    .   e - +0 buckler
rNeg    . . .      Spirit   .   b - +0 chain mail
rPois   .          Reflect  .   (helmet restricted)
rElec   .          Harm     .   (no cloak)
rCorr   .          Rampage  .   (no gloves)
Will    .....                   j - +0 pair of boots
Stlth   ..........              (no amulet)
HPRegen 0.13/turn               (no ring)
MPRegen 0.08/turn               (no ring)

@: no status effects
A: horns 2, retaliatory headbutt, talons 1, cold resistance 1, MP-powered wands
a: no special abilities


You were on level 3 of the Dungeon.
You visited 1 branch of the dungeon, and saw 3 of its levels.

You collected 82 gold pieces.

Inventory:

Hand Weapons
 a - a +0 long sword (weapon)
Missiles
 c - 2 poisoned darts (quivered)
Armour
 b - a +0 chain mail (worn)
 e - a +0 buckler (worn)
 j - a +0 pair of boots (worn)
Scrolls
 f - a scroll of teleportation
 i - a scroll of noise
Potions
 d - a potion of might
 g - a potion of mutation


   Skills:
 + Level 4.3 Fighting
 + Level 3.8 Long Blades
 + Level 4.4 Armour
 + Level 0.3 Dodging
 + Level 4.2 Shields


You had 3 spell levels left.
You didn't know any spells.
Your spell library was empty.

Dungeon Overview and Level Annotations

Branches:
Dungeon (3/15)

Altars:

Annotations:
D:3 Grinder


Innate Abilities, Weirdness & Mutations

You have a pair of horns on your head.
You reflexively headbutt those who attack you in melee.
You have sharp toenails.
Your flesh is cold resistant. (rC+)
You expend magic power (3 MP) to strengthen your wands.


Message History

The dart slug is almost dead.
The dart slug bites you but does no damage.
You hit the dart slug.
You kill the dart slug!
Grinder blinks!
Grinder hits you.
You writhe in agony.
Unknown command.
Grinder blinks!
The rat barely misses you.
You see here 12 stones.
You see here a frilled lizard corpse.
Grinder blinks!
You slash the rat!
You kill the rat!
You hit the hobgoblin.
You kill the hobgoblin!
You see here a frilled lizard corpse.
You hit Grinder but do no damage. Grinder hits you but does no damage.
Grinder hits you.
You slash Grinder! Your headbutt misses Grinder.
Grinder is moderately wounded.
Grinder gestures at you. Pain shoots through your body!
Grinder gestures at you. You resist with significant effort.
You closely miss Grinder.
Grinder is moderately wounded.
Grinder hits you.
You writhe in agony.
You block Grinder's attack.
You hit Grinder but do no damage. You headbutt Grinder.
Grinder is moderately wounded.
Grinder blinks!
Grinder gestures at you. Pain shoots through your body!
* * * LOW HITPOINT WARNING * * *
Okay, then.
It was a potion of mutation.
You feel extremely strange.
You feel resistant to cold.
Your toenails lengthen and sharpen.
You feel your magical essence link to the dungeon's wands.
Grinder gestures at you. Pain shoots through your body!
You die...

#.......♣♣♣#.###....#
#..........#...#..†.#
#####..♣.♣.♣.♣.♣.♣.#....#
#.......................#
..###..♣.♣.♣.♣.♣.♣##....#
##########.### #...<#
#... #†# #....# #....
##.# #....# #....
#(@########## #.....
#.#.)......#
#.....##.#........#
...5..†..#..5.....#
#.................#
#........#.........#
.......###########.#
......# # ......


You could see Grinder (fast).

Vanquished Creatures
  3 adders (D:2)
  A worm (D:2)
  2 dart slugs (D:3)
  An orc (D:3)
  11 ball pythons
  4 bats
  2 endoplasms
  3 giant cockroaches (D:1)
  8 goblins
  4 hobgoblins
  3 jackals (D:1)
  A quokka (D:2)
  A frilled lizard (D:3)
  8 kobolds
  8 rats
60 creatures vanquished.

Vanquished Creatures (others)
  4 plants (D:2)
4 creatures vanquished.

Grand Total: 64 creatures vanquished

Notes
Turn   | Place    | Note
-------+----------+-------------------------------------------
     0 | D:1      | Peloso the Minotaur Fighter began the quest for the Orb.
     0 | D:1      | Reached XP level 1. HP: 19/19 MP: 0/0
    63 | D:1      | Reached XP level 2. HP: 25/27 MP: 1/1
   336 | D:1      | Reached XP level 3. HP: 33/33 MP: 2/2
  1014 | D:2      | Reached XP level 4. HP: 35/40 MP: 3/3
  1824 | D:3      | Noticed Grinder
  1845 | D:3      | Gained mutation: Your flesh is cold resistant. (rC+)
                  | [potion of mutation]
  1845 | D:3      | Gained mutation: You have sharp toenails. [potion of
                  | mutation]
  1845 | D:3      | Gained mutation: You expend magic power (3 MP) to
                  | strengthen your wands. [potion of mutation]
  1845 | D:3      | Killed from afar by Grinder

Illustrated notes

Levels and vault maps discovered:
D:1:      wheals_arrival_shading, layout_loops_ring
D:2:      layout_loops_corners, minmay_shallow_snake_nest
D:3:      layout_rooms, shapermc_ecumenical_altar_mp_vishouse, serial_forest,
          infiniplex_forest_split, infiniplex_forest_corner_1,
          infiniplex_forest_clump_medium, infiniplex_forest_pool,
          infiniplex_forest_straight_3, infiniplex_forest_clump_double,
          infiniplex_forest_lined_3, infiniplex_forest_side_room,
          infiniplex_forest_lined_3, uniq_grinder

Skill      XL: |  1  2  3 |
---------------+----------+-----
Shields        | 4 |  4.2
Fighting       | 4 |  4.3
Armour         | 4 |  4.4
Long Blades    | 3 |  3.8
Dodging        | |  0.3

Action                   |  1- 3 |  4- 6 || total
-------------------------+-------+-------++-------
Melee: Long sword        |    69 |    39 ||   108
       Headbutt          |     8 |     8 ||    16
  Use: Potion            |     2 |     1 ||     3
       Scroll            |     1 |     2 ||     3
Armor: Scale mail        |    29 |       ||    29
       Chain mail        |    20 |    17 ||    37
Dodge: Dodged            |    44 |    15 ||    59
Block: Buckler           |    19 |     6 ||    25
